 Dungeon Crawl Stone Soup version 0.26-b1-32-g5d43845318 (webtiles) character file.

Game seed: 10938133191110674087

49 inmateoo the Insei (level 4, -1/26 HPs)
             Began as a Kobold Transmuter on Jan 13, 2021.
             Slain by a worm (9 damage)
             ... on level 2 of the Dungeon.
             The game lasted 00:01:19 (759 turns).

inmateoo the Insei (Kobold Transmuter)               Turns: 759, Time: 00:01:20

Health: -1/26      AC:  2    Str:  7    XL:     4   Next: 1%
Magic:  7/7        EV: 15    Int: 15    God:
Gold:   41         SH:  0    Dex: 15    Spells: 6/7 levels left

rFire    . . .     SeeInvis .     - Unarmed
rCold    . . .     Faith    .   (shield restricted)
rNeg     . . .     Spirit   .   a - +0 robe
rPois    .         Reflect  .   (no helmet)
rElec    .         Harm     .   (no cloak)
rCorr    .         Rampage  .   (no gloves)
Will     .....                  (no boots)
Stlth    +++.......             (no amulet)
HPRegen  0.08/turn              (no ring)
MPRegen  0.10/turn              (no ring)

@: slowed, very slow
A: small, nightstalker 3
a: no special abilities


You were on level 2 of the Dungeon.
You visited 1 branch of the dungeon, and saw 2 of its levels.

You collected 41 gold pieces.

Inventory:

Hand Weapons
 c - a +0 dagger of electrocution
Armour
 a - a +0 robe (worn)
Potions
 g - a potion of resistance


   Skills:
 + Level 1.7 Fighting
 + Level 2.8 Dodging
 + Level 1.3 Stealth
 * Level 3.6 Unarmed Combat
 + Level 2.4 Spellcasting
 + Level 2.3 Transmutations


You had 6 spell levels left.
You knew the following spells:

 Your Spells              Type           Power        Failure   Level
a - Beastly Appendage     Tmut           16%          9%          1

Your spell library contained the following spells:

 Spells                   Type           Power        Failure   Level
 Wereblood                Tmut           8%           12%         2
 Spider Form              Tmut/Pois      2%           36%         3
 Ice Form                 Ice/Tmut       5%           78%         4
 Blade Hands              Tmut           4%           92%         5


Dungeon Overview and Level Annotations

Branches:
Dungeon (1/15)

Altars:


Innate Abilities, Weirdness & Mutations

You are small and have problems with some larger weapons.
You are completely attuned to the shadows.


Message History

Unknown command.
You closely miss Natasha. You claw Natasha. You headbutt Natasha.
Natasha is heavily wounded.
Natasha howls an incantation.
Natasha glows brightly for a moment.
Natasha claws you but does no damage. Natasha barely misses you.
You hit Natasha but do no damage. You headbutt Natasha.
Natasha is almost dead.
Natasha closely misses you.
You hit Natasha.
You kill Natasha!
Natasha screams in pain as she dies!
The crimson imp disappears in a puff of smoke! x2
Your horns disappear.
Your talons disappear.
You have reached level 4!
You aren't carrying any items that you can evoke.
Unknown command.
Okay, then.
You barely miss the worm. The worm bites you!
You die...

#...w..........
#..............
#...............
#...............
#...w...........
##.............#
##.....#.§.§.#
#########w###
#@# #..# ##.# ..
...


You could see a worm.

Vanquished Creatures
  Natasha (D:2)
  An ooze (D:1)
  3 bats (D:1)
  2 giant cockroaches (D:1)
  2 goblins (D:1)
  A hobgoblin (D:1)
  3 kobolds
  2 frilled lizards (D:1)
  4 rats
19 creatures vanquished.

Notes
Turn   | Place    | Note
-------+----------+-------------------------------------------
     0 | D:1      | inmateoo the Kobold Transmuter began the quest for the Orb.
     0 | D:1      | Reached XP level 1. HP: 12/12 MP: 3/3
   106 | D:1      | Reached XP level 2. HP: 16/16 MP: 5/5
   566 | D:1      | Reached XP level 3. HP: 15/20 MP: 6/6
   667 | D:1      | Reached skill level 1 in Stealth
   710 | D:1      | You fall into a shaft and drop 1 floor!
   711 | D:2      | Noticed Natasha
   758 | D:2      | Killed Natasha
   759 | D:2      | Reached XP level 4. HP: 8/26 MP: 7/7
   759 | D:2      | Slain by a worm

Illustrated notes

Levels and vault maps discovered:
D:1:      lemuel_arrival_tunnels, layout_basic
D:2:      layout_rooms, tgw_trog, minmay_pentomino_x2, uniq_natasha

Skill      XL: |  1  2  3 |
---------------+----------+-----
Stealth        | 1 |  1.3
Fighting       | |  1.7
Dodging        | |  2.8
Unarmed Combat | |  3.6
Spellcasting   | |  2.4
Transmutations | |  2.3

Action                   |  1- 3 |  4- 6 || total
-------------------------+-------+-------++-------
Melee: Dagger            |    61 |       ||    61
       Unarmed           |    27 |     1 ||    28
       Headbutt          |     4 |       ||     4
       Kick              |     5 |       ||     5
       Punch             |     2 |       ||     2
 Cast: Beastly Appendage |     4 |       ||     4
  Use: Scroll            |     3 |       ||     3
       Potion            |     1 |       ||     1
 Stab: Sleeping          |     6 |       ||     6
Armor: Robe              |    18 |       ||    18
Dodge: Dodged            |    79 |       ||    79
